 Dungeon Crawl Stone Soup version 0.27.0-1-g7a089689b8 (webtiles) character file.

Game seed: 3244775760073214876

67 H0rd4k the Vexing (level 3, 0/19 HPs)
             Began as a Deep Elf Enchanter on Aug 3, 2021.
             Slain by a phantom (6 damage)
             ... on level 2 of the Dungeon.
             The game lasted 00:05:13 (2790 turns).

H0rd4k the Vexing (Deep Elf Enchanter)              Turns: 2790, Time: 00:05:13

Health: 0/19       AC:  2    Str:  5      XL:     3   Next: 98%
Magic:  10/10      EV: 13    Int: 19 (20) God:
Gold:   24         SH:  0    Dex: 13 (15) Spells: 5/9 levels left

rFire    . . .     SeeInvis .   a - +1 dagger
rCold    . . .     Faith    .   (no shield)
rNeg     . . .     Spirit   .   b - +0 robe
rPois    .         Reflect  .   (no helmet)
rElec    .         Harm     .   (no cloak)
rCorr    .         Rampage  .   (no gloves)
Will     .....     Clarity  +   (no boots)
Stlth    ++........             (no amulet)
HPRegen  0.06/turn              (no ring)
MPRegen  0.12/turn              (no ring)

@: no status effects
A: clarity, MP-powered wands
a: no special abilities


You were on level 2 of the Dungeon.
You visited 1 branch of the dungeon, and saw 2 of its levels.

You collected 24 gold pieces.

Inventory:

Hand Weapons
 a - a +1 dagger (weapon)
Armour
 b - a +0 robe (worn)
Scrolls
 c - 2 scrolls of immolation {unknown}
 f - a scroll of fog {unknown}
 g - a scroll of noise {unknown}
 i - a scroll of teleportation {unknown}
 j - 2 scrolls of identify {unknown}
 k - a scroll of blinking {unknown}
 n - a scroll of brand weapon {unknown}
Potions
 d - a potion of mutation
 e - a potion of cancellation {unknown}
 h - a potion of brilliance {unknown}
 l - a potion of heal wounds {unknown}
 m - 2 potions of haste {unknown}


   Skills:
 - Level 1.0 Short Blades
 + Level 3.6 Dodging
 - Level 3.6 Stealth
 + Level 3.7 Spellcasting
 + Level 5.3 Hexes


You had 5 spell levels left.
You knew the following spells:

 Your Spells              Type           Power      Damage    Failure   Level
a - Corona                Hex            25%        N/A       1%          1
b - Tukima's Dance        Hex            23%        N/A       4%          3

Your spell library contained the following spells:

 Spells                   Type           Power      Damage    Failure   Level
 Confusing Touch          Hex            23%        N/A       4%          3
 Ensorcelled Hibernation  Hex/Ice        26%        N/A       8%          2
 Dazzling Flash           Conj/Hex       26%        N/A       14%         3
 Spider Form              Tmut/Pois      1%         N/A       38%         3
 Shadow Creatures         Summ           N/A        N/A       100%        6


Dungeon Overview and Level Annotations

Branches:
Dungeon (2/15)

Altars:

Annotations:
D:1 exclusion: downstairs
D:2 1 runed translucent door, exclusion: door, Crazy Yiuf, Natasha


Innate Abilities, Weirdness & Mutations

You possess an exceptional clarity of mind.
You expend magic power (3 MP) to strengthen your wands.


Message History

A phantom is nearby!
A phantom is nearby!
Cast which spell? (? or * to list)
Okay, then.
Unknown command.
A dart slug comes into view.
The dart slug launches a dart at you. The slug dart hits you.
You hit the dart slug but do no damage. The phantom barely misses you.
You hit the dart slug.
The dart slug is moderately wounded.
The dart slug bites you but does no damage.
The phantom hits you!
You completely miss the dart slug.
The dart slug is moderately wounded.
The phantom closely misses you. The dart slug barely misses you.
You hit the dart slug.
The dart slug is heavily wounded.
The phantom barely misses you.
You hit the dart slug.
The dart slug is almost dead.
The dart slug bites you but does no damage.
The phantom barely misses you.
You hit the dart slug.
You kill the dart slug!
The phantom hits you.
* * * LOW HITPOINT WARNING * * *
The phantom blinks!
You blink.
The phantom closely misses you.
You see here a scroll labelled IHOEPL TENOU.
n - a scroll labelled IHOEPL TENOU The phantom hits you.
* * * LOW HITPOINT WARNING * * *
The phantom blinks!
You blink.
A rat comes into view.
You see here a +0 chain mail.
There is a stone staircase leading down here.
There is a stone staircase leading down here.
The phantom hits you.
You die...

#.......# #...##### #....
#.......#
#.......#######....
#......##
##.................
#......#
#.##..#.#.........
#......#
####.........####....
......## ##....##....###
#.<..
.#....######..##....#..#
#####
.###..>......###.####..##
...[...###..B.rW@#
##<.####
............####.#
##.....## ....##.#..#..#
#.# ##....#..#####
....##.#.###.# #.#
#....####..... .....#...#
.# #.# #'..+# #####.
........## .# #.# ♣....♣
#.###. ..[......## .. ..#
♣...♣♣ #..##. ..........#
## ..# ♣♣.♣♣ ##..#.
..........# ♣.♣♣ ##.#.


You could see a phantom, a giant cockroach and a rat.

Vanquished Creatures
  Jessica (D:2)
  2 dart slugs
  2 endoplasms
  2 giant cockroaches
  6 goblins (D:1)
  3 hobgoblins (D:1)
  2 jackals (D:1)
  3 kobolds (D:1)
  2 quokkas
  8 ball pythons
  3 bats
  4 frilled lizards
  A rat (D:2)
  A spectral goblin (D:1)
40 creatures vanquished.

Vanquished Creatures (others)
  2 plants (D:1)
2 creatures vanquished.

Grand Total: 42 creatures vanquished

Notes
Turn   | Place    | Note
-------+----------+-------------------------------------------
     0 | D:1      | H0rd4k the Deep Elf Enchanter began the quest for the Orb.
     0 | D:1      | Reached XP level 1. HP: 10/10 MP: 6/6
   456 | D:1      | Reached XP level 2. HP: 15/15 MP: 8/8
  1324 | D:1      | Found a faded altar of an unknown god.
  1455 | D:1      | Reached XP level 3. HP: 18/19 MP: 9/9
  1512 | D:1      | Reached skill level 5 in Hexes
  2010 | D:1      | Learned a level 3 spell: Tukima's Dance
  2087 | D:2      | Noticed a phantom
  2103 | D:2      | Noticed Natasha
  2325 | D:2      | Noticed Jessica
  2342 | D:2      | Gained mutation: You possess an exceptional clarity of
                  | mind. [potion of mutation]
  2342 | D:2      | Gained mutation: You expend magic power (3 MP) to
                  | strengthen your wands. [potion of mutation]
  2348 | D:2      | Killed Jessica
  2635 | D:2      | Found a runed translucent door.
  2636 | D:2      | Noticed Crazy Yiuf
  2790 | D:2      | Slain by a phantom

Illustrated notes

Levels and vault maps discovered:
D:1:      lightli_arrival_farm, layout_loops_ring,
          dreamdust_ecumenical_altar_drowned_temple
D:2:      layout_rooms, uniq_natasha, uniq_jessica, uniq_crazy_yiuf_cottage

Skill      XL: |  1  2  3 |
---------------+----------+-----
Dodging        | 3 |  3.6
Hexes          | 5 |  5.3
Short Blades   | |  1.0
Stealth        | |  3.6
Spellcasting   | |  3.7

Action                   || total
-------------------------++-------
Melee: Dagger            ||   182
 Cast: Corona            ||     2
       Tukima's Dance    ||     1
  Use: Potion            ||     3
 Stab: Sleeping          ||    10
       Distracted        ||     1
Armor: Robe              ||    36
Dodge: Dodged            ||   142
